Unix NetHack Version 3.7.0-102 Work-in-progress - last build Apr 6 2024 13:22:21 (d302a6a9ff6341f1a922d8f5af178406b35fdf99,branch:master). Game began 2024-04-19 09:24:22, ended 2024-04-19 09:33:21. Raisse, lawful female dwarven Archeologist ----- -....#--------- .<............. .....--------.. .^.. ..fa .... .....h. ....... .....|.- ........ ..|.-- ....... ..#- ....*... -#- ......... ..-- # -.............| .|# -............-- ------.# |......--.....--.......| --.|.. --..0......----- - - ...*... --.-- Raisse the Field Worker St:10 Dx:10 Co:17 In:15 Wi:14 Ch:8 Lawful Dlvl:11 $:79 HP:0(43) Pw:10(10) AC:9 Xp:3/51 T:1927 Latest messages: What do you want to use or apply? [adjlqtwx or ?*] r Sorry, I don't know how to use that. What do you want to use or apply? [adjlqtwx or ?*] t What do you want to rub on the stone? [$J or ?*] J J - a worthless piece of orange glass. What do you want to drop? [$adei-oq-twxAHJT or ?*] J You drop a worthless piece of orange glass. The giant beetle bites! You hear some noises. You hear some noises in the distance. You hear some noises. K - a black gem. What do you want to use or apply? [adjlqtwx or ?*] t What do you want to rub on the stone? [$K or ?*] K K - a worthless piece of black glass. What do you want to drop? [$adei-oq-twxAHKT or ?*] K You drop a worthless piece of black glass. You start digging. You hit the rock with all your might. You make an opening in the wall. You hear an A note squeak in the distance. You stop digging. You stop. The gnome lord is in the way! The giant beetle bites! You hear some noises. You start digging. You hit the rock with all your might. You stop digging. You continue digging. You hit the rock with all your might. You stop digging. The soldier ant bites! The soldier ant stings! The giant beetle bites! What do you want to write with? [- ai-kr-t or ?*] - You write in the dust with your fingertip. What do you want to write in the dust here? Elbereth The soldier ant turns to flee. The giant beetle turns to flee. You start digging downward. You dig a pit in the floor. You start digging downward. Poes bites it. It bites Poes. It misses Poes. You stop digging. The soldier ant bites! You die... Do you want your possessions identified? [ynq] (y) y Do you want to see your attributes? [ynq] (y) q Inventory: Coins $ - 79 gold pieces Weapons a - an uncursed +2 bullwhip i - 2 uncursed +2 darts k - 13 uncursed +0 darts r - a blessed +0 dart (at the ready) s - 2 uncursed +0 orcish daggers Armor A - an uncursed +0 leather jacket (being worn) H - an uncursed +0 fedora (being worn) Comestibles e - 5 uncursed food rations T - a cursed tripe ration named pc Scrolls m - an uncursed scroll of fire n - a cursed scroll of create monster Potions o - an uncursed potion of speed Tools d - an uncursed +0 pick-axe (weapon in right hand) j - an uncursed magic marker (0:36) l - an uncursed tinning kit (0:35) q - an uncursed skeleton key w - an uncursed magic whistle x - an empty uncursed sack Gems/Stones t - an uncursed touchstone Raisse the Archeologist's attributes: Background: You were a Field Worker, a level 3 female dwarven Archeologist. You were lawful, on a mission for Quetzalcoatl who was opposed by Camaxtli (neutral) and Huhetotl (chaotic). You were right-handed. You were in the Gnomish Mines, on level 11. You entered the dungeon 1927 turns ago. You had 51 experience points, 29 more were needed to attain level 4. Basics: You had 0 out of 43 hit points. You had all 10 energy points (spell power). Your armor class was 9. Your wallet contained 79 zorkmids. Autopickup was on for '$!?/"=+' plus thrown, with exceptions. Final Characteristics: Your strength was 10 (limit:18/100). Your dexterity was 10 (limit:20). Your constitution was 17 (peak:18, limit:20). Your intelligence was 15 (limit:16). Your wisdom was 14 (limit:16). Your charisma was 8 (limit:16). Final Status: You were trapped in a pit. You weren't hungry. You were unencumbered. You were wielding a pick-axe. You had basic skill with pick-axe. Final Attributes: You were devoutly aligned. You had automatic searching. You had infravision. You are dead (2nd time!). Miscellaneous: You encountered 1 bones level. Total elapsed playing time was 8 minutes and 58 seconds. Major events: Turn 1: Raisse the lawful female dwarven Archeologist entered the dungeon 1136: entered the Gnomish Mines 1319: reached Mine Town 1380: read a Discworld novel 1380: attained the rank of Field Worker (level 3) 1845: averted death (killed by a giant beetle) 1927: killed by a soldier ant Vanquished creatures: a gnomish wizard 2 iguanas a coyote a gas spore a hobgoblin 7 gnomes a gecko 4 jackals 2 kobolds 3 goblins 2 grid bugs a lichen a kobold zombie 3 newts 30 creatures vanquished. No species were genocided or became extinct. Voluntary challenges: You read items or engraved 2 times. You engraved Elbereth 1 time. You never genocided any monsters. You never polymorphed an object. You never changed form. You used no wishes. Achievements: You entered the Gnomish Mines. You entered Minetown. You entered a temple. You entered a shop. You read from a Discworld novel. You attained the rank of Field Worker. The Dungeons of Doom: levels 1 to 4 Level 1: Level 2: Level 3: A fountain. Stairs down to The Gnomish Mines. Level 4: The Gnomish Mines: levels 4 to 11 Level 4: Level 5: Level 6: Level 7: A temple and an altar, some fountains. Level 8: Level 9: Level 10: Final resting place for Dictyostelium-Sam-Hum-Fem-Law, killed by a queen bee. Level 11: <- You were here. Final resting place for you, killed by a soldier ant. Game over: ---------- / \ / REST \ / IN \ / PEACE \ / \ | Raisse | | 79 Au | | killed by a | | soldier ant | | | | | | 2024 | *| * * * | * _________)/\\_//(\/(/\)/\//\/|_)_______ Goodbye Raisse the Archeologist... You died in The Gnomish Mines on dungeon level 11 with 776 points, and 79 pieces of gold, after 1927 moves. You were level 3 with a maximum of 43 hit points when you died.